 Dungeon Crawl Stone Soup version 0.21.1-1-g345015fe64 (webtiles) character file.

19101 KleinerIrrer the Cleaver (level 12, -7/77 HPs)
             Began as a Gargoyle Fighter on Apr 4, 2018.
             Was a High Priest of Okawaru.
             Splashed by an oklob plant's acid (15 damage)
             ... on level 4 of the Lair of Beasts.
             The game lasted 00:04:56 (15764 turns).

KleinerIrrer the Cleaver (Gargoyle Fighter)        Turns: 15764, Time: 00:04:56

Health: -7/77      AC: 14    Str: 28    XL:     12   Next: 65%
Magic:  13/19      EV: 11    Int:  8    God:    Okawaru [*****.]
Gold:   918        SH:  4    Dex:  9    Spells: 11/11 levels left

rFire    + . .     SeeInvis .   a - +1 battleaxe
rCold    + . .     Gourm    .   (shield currently unavailable)
rNeg     + + .     Faith    .   i - +0 plate armour
rPois    ∞         Spirit   .   p - +2 helmet
rElec    +         Reflect  +   c - scarf {rC+ rF+}
rCorr    .         Harm     .   (no gloves)
MR       +....                  y - +0 pair of boots
Stlth    ..........             s - amulet of Balance {Reflect Str+2 SH+4}
HPRegen  0.22/turn              Y - ring of positive energy
MPRegen  0.16/turn              h - ring of protection from magic

@: heroism, finesse, corroded
A: negative energy resistance 1, electricity resistance, unbreathing,
petrification resistance, rot immunity, AC +8
a: Heroism, Finesse, Renounce Religion


You were on level 4 of the Lair of Beasts.
You worshipped Okawaru.
Okawaru was extremely pleased with you.
You were not hungry.

You visited 3 branches of the dungeon, and saw 16 of its levels.
You also visited: Ossuary.

You collected 918 gold pieces.


Innate Abilities, Weirdness & Mutations

You are resistant to torment.
Your stone body is resilient. (AC +8)
You are immune to poison.
You resist negative energy. (rN+)
You are resistant to electric shocks. (rElec)
You can survive without breathing.
You are immune to petrification.
You are immune to rotting.


   Skills:
 - Level 10.2(15.2) Fighting
 - Level 12.8(17.8) Axes
 + Level 8.7(13.7) Armour
 - Level 2.1(7.1) Dodging
   Level 3.2(8.2) Shields
 - Level 10.0 Invocations


You had 11 spell levels left.
You didn't know any spells.

Inventory:

Hand Weapons
 a - a +1 battleaxe (weapon)
 o - a +0 morningstar
 q - a +2 broad axe of chopping
Missiles
 u - a tomahawk (quivered)
Armour
 c - a scarf of resistance (worn)
 i - a +0 plate armour (worn)
 n - a +2 chain mail of fire resistance
 p - a +2 helmet (worn)
 y - a +0 pair of boots (worn)
Jewellery
 h - a ring of protection from magic (right hand)
 s - the amulet of Balance (around neck) {Reflect Str+2 SH+4}
   (You found it on level 10 of the Dungeon)

   [amulet of reflection]

   It shields you and reflects attacks.
   It affects your strength (+2).
   It affects your SH (+4).
 Y - a ring of positive energy (left hand)
Wands
 f - a wand of digging (9)
Scrolls
 l - 4 scrolls of teleportation
 m - a scroll of identify
 z - 3 scrolls of remove curse
Potions
 b - 2 potions of heal wounds
 d - 2 potions of might
 g - a potion of resistance
 j - 8 potions of curing
 t - 3 potions of haste
 w - a potion of mutation
 x - a potion of cancellation {unknown}
 A - a potion of invisibility {unknown}
Comestibles
 e - 11 rations
 k - 12 chunks of flesh

Dungeon Overview and Level Annotations

Branches:
Dungeon (11/15)            Temple (1/1) D:4            Lair (4/6) D:8
 Shoals (0/4) Lair:3        Snake (0/4) Lair:2
    Orc: D:9-12

Altars:
Ashenzari
Cheibriados
Dithmenos
Elyvilon
Gozag
Hepliaklqana
Kikubaaqudgha
Makhleb
Nemelex Xobeh
Okawaru
Qazlal
Ru
Sif Muna
Trog
Uskayaw
Vehumet
Wu Jian
Xom
Yredelemnul
Zin
The Shining One


Message History

The oklob plant is lightly damaged.
You slash the oklob plant!
The oklob plant is lightly damaged.
The oklob plant spits acid at you.
The splash of acid reflects off an invisible shield around you!
The splash of acid hits the oklob plant.
The oklob plant completely resists.
You slash the oklob plant!
The oklob plant is heavily damaged.
You hit the oklob plant but do no damage.
The oklob plant is heavily damaged.
You slice the oklob plant!!
The oklob plant is almost destroyed.
The oklob plant spits acid at you. The splash of acid hits you!
The acid corrodes you!
You are splashed with acid!
The acid burns!
The oklob plant spits acid at you. The splash of acid hits you!
The acid corrodes you!
You are splashed with acid!
The acid burns!
You die...

##..##...#.#........
#.###...##.....##+.
#..##...##......#..
##..##...##......#..
#..P##...###....#...
##.###..## #....###.
#..##.######......##
#######...##.##........
#..P..@...........%....
#.$?[P.................
#P!.$$............<....
#...$P.................
#!%....................
#######...##...##......
..#.##.P.#.......
..##......##<...##
......##....P#


You could see 4 oklob plants.

Vanquished Creatures
  The ghost of Thargor the Blocker, a journeyman FoFi of Okawaru (Lair:1)
  2 hydras (Lair:4)
  The ghost of KleinerIrrer the Cleaver, a novice GrFi of Okawaru (Lair:1)
  An ugly thing (D:11)
  A manticore (D:11)
  A merfolk siren (Lair:3)
  A black mamba (Lair:4)
  2 centaur skeletons (D:10)
  5 spiny frogs
  5 komodo dragons
  The ghost of NullDivider the Sneak, a novice SpEn (D:4)
  A polar bear (Lair:3)
  5 blink frogs (Lair:3)
  5 hippogriffs
  A wyvern (Lair:2)
  10 yaks
  5 basilisks
  A hungry ghost (D:11)
  A steam dragon (Lair:3)
  7 water moccasins
  2 nagas (Lair:2)
  11 porcupines
  4 ice beasts
  4 orc warriors
  3 sky beasts
  4 black bears
  4 centaurs
  An ogre (D:10)
  A phantom (D:9)
  A wolf (Lair:4)
  7 crocodiles
  A gnoll sergeant (D:6)
  A wyvern zombie (Ossuary)
  8 bullfrogs
  A scorpion (D:7)
  4 wights (D:10)
  A howler monkey (D:6)
  6 electric eels (D:5)
  2 crimson imps
  4 bullfrog zombies
  3 centaur zombies
  A quasit (D:10)
  A jelly (D:5)
  5 orc priests
  4 hounds
  2 bullfrog skeletons
  4 worker ants
  2 iguanas
  11 orc wizards
  A statue (D:4)
  4 hound zombies (Ossuary)
  3 hound skeletons
  12 mummies (Ossuary)
  A howler monkey zombie (Ossuary)
  3 worker ant zombies (Ossuary)
  10 adders
  8 gnolls
  A shadow imp (D:7)
  An adder zombie (Ossuary)
  An adder skeleton (D:4)
  3 worms
  2 dart slugs
  5 leopard geckos
  33 orcs
  A bat zombie (D:1)
  4 giant cockroaches
  4 goblins
  5 hobgoblins
  6 jackals
  5 kobolds
  4 quokkas
  A ball python zombie (D:1)
  5 bats
  10 frilled lizards
  3 giant cockroach zombies (Ossuary)
  A quokka skeleton (D:8)
  4 quokka zombies
  6 rats
  A spectral orc (D:8)
  5 fungi
  10 plants
323 creatures vanquished.

Vanquished Creatures (others)
  An orc (D:10)
  2 fungi
  6 plants
  A withered plant (Ossuary)
10 creatures vanquished.

Grand Total: 333 creatures vanquished

Notes
Turn   | Place    | Note
-------+----------+-------------------------------------------
     0 | D:1      | KleinerIrrer the Gargoyle Fighter began the quest for the Orb.
     0 | D:1      | Reached XP level 1. HP: 14/14 MP: 1/1
     0 | D:1      | 0 ||| counter = 47
    34 | D:1      | Reached skill level 2 in Axes
   213 | D:1      | Reached XP level 2. HP: 19/19 MP: 2/2
   656 | D:1      | Reached skill level 3 in Axes
   743 | D:1      | Reached XP level 3. HP: 22/23 MP: 3/3
   970 | D:1      | 970 ||| UPGRADING to helmet.
   975 | D:1      | 975 ||| READING scroll labeled LEIDOFANLI.
  1282 | D:2      | Found a glowing silver altar of Zin.
  1284 | D:2      | Noticed an angel
  1765 | D:2      | Reached XP level 4. HP: 28/28 MP: 4/4
  1843 | D:2      | 1843 ||| UPGRADING to runed helmet.
  1853 | D:2      | 1853 ||| DROPPING +0 helmet.
  1854 | D:2      | 1854 ||| READING scroll labeled MUAFFO GIZEFOJ.
  1855 | D:2      | 1855 ||| READING 2 scrolls labeled PAMEMO ACZUMNU.
  1860 | D:2      | 1860 ||| READING scroll labeled KOSUFAS ATICS.
  1861 | D:2      | 1861 ||| READING scroll of identify.
  1861 | D:2      | 1861 ||| IDENTIFYING cabochon ring
  1862 | D:2      | 1862 ||| DROPPING +3 ring of intelligence.
  1944 | D:3      | Found a shadowy altar of Dithmenos.
  1952 | D:3      | Reached skill level 4 in Axes
  2001 | D:3      | 2001 ||| DROPPING club.
  2083 | D:3      | Found an ornate altar of the Wu Jian Council.
  2211 | D:3      | Reached XP level 5. HP: 28/32 MP: 5/5
  2302 | D:3      | Reached skill level 5 in Axes
  2336 | D:3      | Found an opulent altar of Gozag.
  2756 | D:3      | 2756 ||| READING scroll labeled OSSUEN SIGIUH.
  2757 | D:3      | 2757 ||| READING scroll labeled QICOUH DOFIRHY.
  2758 | D:3      | 2758 ||| READING scroll labeled JOTIACZOLILE.
  2815 | D:4      | Noticed NullDivider's ghost (novice SpEn)
  2988 | D:4      | Killed NullDivider's ghost
  2988 | D:4      | Reached XP level 6. HP: 29/41 MP: 6/6
  3002 | D:4      | 3002 ||| STAIRDANCE
  3089 | D:3      | 3089 ||| EATING 4 rations.
  3099 | D:4      | Found a staircase to the Ecumenical Temple.
  3139 | Temple   | Entered the Ecumenical Temple
  3140 | Temple   | 3140 ||| Entered T.
  3147 | Temple   | Became a worshipper of Warmaster Okawaru
  3205 | Temple   | 3205 ||| UPGRADING to chain mail.
  3215 | Temple   | 3215 ||| DROPPING +0 scale mail.
  3216 | Temple   | 3216 ||| READING 2 scrolls labeled OMISORHUP.
  3217 | Temple   | 3217 ||| DRINKING 2 yellow potions.
  3225 | Temple   | 3225 ||| READING scroll of identify.
  3225 | Temple   | 3225 ||| IDENTIFYING pearl ring
  3226 | Temple   | 3226 ||| UPGRADING to ring of positive energy.
  3227 | Temple   | 3227 ||| DROPPING scroll of immolation.
  3228 | Temple   | 3228 ||| DROPPING potion of ambrosia.
  3264 | D:4      | Reached XP level 7. HP: 45/45 MP: 7/7
  3425 | D:4      | Found a snail-covered altar of Cheibriados.
  3495 | D:4      | Found a radiant altar of Vehumet.
  3693 | D:4      | Found a glowing golden altar of the Shining One.
  3846 | D:4      | 3846 ||| SWAPPING to glowing war axe.
  3913 | D:4      | 3913 ||| READING scroll of identify.
  3913 | D:4      | 3913 ||| IDENTIFYING runed jasper amulet
  3914 | D:4      | 3914 ||| UPGRADING to +3 amulet of reflection.
  3937 | D:5      | Entered Level 5 of the Dungeon
  4028 | D:5      | Reached skill level 6 in Axes
  4173 | D:5      | Found a hazy altar of Hepliaklqana.
  4231 | D:5      | Reached skill level 1 in Dodging
  4769 | D:5      | Found a hide-covered altar of Uskayaw.
  4908 | D:5      | Found a shattered altar of Ashenzari.
  4986 | D:5      | 4986 ||| EATING 3 rations.
  5196 | D:5      | Reached skill level 7 in Axes
  5196 | D:5      | Reached XP level 8. HP: 41/51 MP: 8/8
  5253 | D:5      | 5253 ||| Stepping ~*~*~tactically~*~*~ (water).
  5258 | D:5      | 5258 ||| Stepping ~*~*~tactically~*~*~ (water).
  5274 | D:5      | Noticed a hippogriff
  5282 | D:5      | Killed a hippogriff
  5282 | D:5      | Reached * piety under Okawaru
  5338 | D:5      | 5338 ||| INVOKING Heroism.
  5530 | D:5      | 5530 ||| INVOKING Heroism.
  5537 | D:5      | Reached skill level 1 in Invocations
  5773 | D:5      | 5773 ||| INVOKING Heroism.
  5811 | D:5      | 5811 ||| INVOKING Heroism.
  5819 | D:5      | Reached skill level 8 in Axes
  5821 | D:5      | 5821 ||| Stepping ~*~*~tactically~*~*~ (water).
  5822 | D:5      | Reached skill level 6 in Fighting
  6013 | D:5      | 6013 ||| READING scroll labeled YTITHR IKIL.
  6014 | D:5      | 6014 ||| DRINKING 2 smoky orange potions.
  6015 | D:5      | 6015 ||| DROPPING potion of brilliance.
  6036 | D:6      | 6036 ||| STAIRDANCE
  6053 | D:6      | 6053 ||| STAIRDANCE
  6063 | D:6      | 6063 ||| INVOKING Heroism.
  6086 | D:6      | Reached skill level 3 in Invocations
  6181 | D:6      | Found a sand-covered staircase.
  6182 | D:6      | 6182 ||| Found Ossuary.
  6189 | Ossuary  | Entered an ossuary
  6190 | Ossuary  | 6190 ||| Entered Ossuary.
  6217 | Ossuary  | 6217 ||| INVOKING Heroism.
  6256 | Ossuary  | 6256 ||| INVOKING Heroism.
  6273 | Ossuary  | 6273 ||| INVOKING Heroism.
  6431 | Ossuary  | Reached XP level 9. HP: 50/55 MP: 12/12
  6621 | Ossuary  | 6621 ||| EATING 3 rations.
  6657 | Ossuary  | 6657 ||| Stepping ~*~*~tactically~*~*~ (water).
  6761 | Ossuary  | Reached skill level 9 in Axes
  6791 | Ossuary  | 6791 ||| READING scroll of enchant weapon.
  6791 | Ossuary  | 6791 ||| ENCHANTING +0 war axe of electrocution.
  6792 | Ossuary  | 6792 ||| DROPPING +1 war axe.
  6797 | Ossuary  | 6797 ||| READING scroll of enchant armour.
  6797 | Ossuary  | 6797 ||| ENCHANTING +1 helmet.
  6864 | Ossuary  | 6864 ||| READING 2 scrolls labeled WUORYZ WEPE.
  6865 | Ossuary  | 6865 ||| UPGRADING to flail.
  6866 | Ossuary  | 6866 ||| SWAPPING to +1 war axe of electrocution.
  6867 | Ossuary  | 6867 ||| READING scroll labeled YKAOBL GICS.
  6868 | Ossuary  | 6868 ||| DRINKING 2 puce potions.
  6869 | Ossuary  | 6869 ||| DRINKING 2 pink potions.
  6870 | Ossuary  | 6870 ||| DRINKING 2 fizzy brown potions.
  6871 | Ossuary  | 6871 ||| DRINKING 2 glowing purple potions.
  6872 | Ossuary  | 6872 ||| READING 3 scrolls of identify.
  6872 | Ossuary  | 6872 ||| IDENTIFYING agate ring
  6873 | Ossuary  | 6873 ||| DROPPING ring of flight.
  6874 | Ossuary  | 6874 ||| READING 2 scrolls of identify.
  6874 | Ossuary  | 6874 ||| IDENTIFYING steel ring
  6875 | Ossuary  | 6875 ||| DROPPING ring of stealth.
  6876 | Ossuary  | 6876 ||| DROPPING potion of agility.
  6877 | Ossuary  | 6877 ||| DROPPING potion of degeneration.
  6985 | D:6      | Reached ** piety under Okawaru
  7067 | D:6      | 7067 ||| INVOKING Heroism.
  7602 | D:6      | 7602 ||| EATING 3 rations.
  7789 | D:7      | 7789 ||| INVOKING Heroism.
  8119 | D:7      | Reached skill level 10 in Axes
  8149 | D:7      | Found a sacrificial altar of Ru.
  8228 | D:7      | Reached XP level 10. HP: 50/64 MP: 13/13
  8348 | D:7      | 8348 ||| INVOKING Heroism.
  8408 | D:7      | 8408 ||| UPGRADING to morningstar.
  8409 | D:7      | 8409 ||| SWAPPING to +1 war axe of electrocution.
  8410 | D:7      | 8410 ||| DROPPING +0 flail.
  8411 | D:7      | 8411 ||| UPGRADING to war axe of chopping.
  8412 | D:7      | 8412 ||| SWAPPING to +1 war axe of electrocution.
  8421 | D:7      | Found a shimmering altar of Xom.
  8596 | D:7      | 8596 ||| UPGRADING to plate armour.
  8606 | D:7      | 8606 ||| DROPPING +0 chain mail.
  8607 | D:7      | 8607 ||| DRINKING 2 lumpy white potions.
  8608 | D:7      | 8608 ||| READING 2 scrolls of identify.
  8608 | D:7      | 8608 ||| IDENTIFYING fuming dark potion
  8609 | D:7      | 8609 ||| DROPPING potion of flight.
  8738 | D:8      | Reached *** piety under Okawaru
  8846 | D:8      | You fall through a shaft for 3 floors!
  8848 | D:11     | 8848 ||| Shafted from D:8 to D:11.
  8863 | D:11     | Noticed a manticore
  8867 | D:11     | 8867 ||| INVOKING Heroism.
  8869 | D:11     | Killed a manticore
  8869 | D:11     | Reached skill level 6 in Armour
  8908 | D:11     | Noticed a cyan ugly thing
  8916 | D:11     | Killed a cyan ugly thing
  8920 | D:11     | Reached skill level 9 in Fighting
  8954 | D:10     | Entered Level 10 of the Dungeon
  8964 | D:10     | Reached **** piety under Okawaru
  9055 | D:10     | 9055 ||| INVOKING Heroism.
  9228 | D:10     | Got a coiled ruby amulet
  9387 | D:10     | 9387 ||| INVOKING Heroism.
  9463 | D:10     | 9463 ||| INVOKING Heroism.
  9546 | D:8      | 9546 ||| Successfully unshafted to D:8.
  9727 | D:8      | Found a staircase to the Lair.
  9728 | D:8      | 9728 ||| INVOKING Heroism.
  9805 | D:8      | Found a basalt altar of Yredelemnul.
  9873 | D:8      | 9873 ||| UPGRADING to pair of boots.
  9878 | D:8      | 9878 ||| REMOVING +0 shield.
  9883 | D:8      | 9883 ||| SWAPPING to battleaxe.
  9884 | D:8      | 9884 ||| DROPPING +0 shield.
  9885 | D:8      | 9885 ||| UPGRADING to coiled ruby amulet.
  9886 | D:8      | Identified the amulet of Balance {Reflect Str+2 SH+4} (You found it on level 10 of the Dungeon)
  9887 | D:8      | 9887 ||| DROPPING +3 amulet of reflection.
  9888 | D:8      | 9888 ||| UPGRADING to scratched tourmaline ring.
  9889 | D:8      | 9889 ||| READING 2 scrolls of remove curse.
  9890 | D:8      | 9890 ||| REMOVING ring of loudness.
  9891 | D:8      | 9891 ||| DROPPING ring of loudness.
  9892 | D:8      | 9892 ||| READING scroll labeled RADIVO JOROMN.
  9893 | D:8      | 9893 ||| READING 3 scrolls of identify.
  9893 | D:8      | 9893 ||| IDENTIFYING grey potion
  9894 | D:8      | 9894 ||| READING 2 scrolls of identify.
  9894 | D:8      | 9894 ||| IDENTIFYING inky potion
  9895 | D:8      | 9895 ||| DROPPING potion of lignification.
  9957 | Lair:1   | Entered Level 1 of the Lair of Beasts
  9958 | Lair:1   | 9958 ||| Entered L.
  9971 | Lair:1   | Noticed a spiny frog
  9972 | Lair:1   | 9972 ||| INVOKING Heroism.
  9979 | Lair:1   | Killed a spiny frog
  9979 | Lair:1   | Reached skill level 6 in Invocations
  9979 | Lair:1   | Reached XP level 11. HP: 71/71 MP: 12/15
  9985 | Lair:1   | 9985 ||| READING scroll of enchant weapon.
  9985 | Lair:1   | 9985 ||| ENCHANTING +0 battleaxe.
 10012 | Lair:1   | 10012 ||| INVOKING Heroism.
 10018 | Lair:1   | Reached skill level 11 in Axes
 10066 | Lair:1   | Noticed KleinerIrrer's ghost (novice GrFi)
 10194 | Lair:1   | 10194 ||| READING 2 scrolls of identify.
 10194 | Lair:1   | 10194 ||| IDENTIFYING small granite ring
 10195 | Lair:1   | 10195 ||| UPGRADING to ring of protection from magic.
 10196 | Lair:1   | 10196 ||| READING 3 scrolls of teleportation.
 10225 | Lair:1   | 10225 ||| INVOKING Heroism.
 10252 | Lair:1   | Killed KleinerIrrer's ghost
 10252 | Lair:1   | Reached ***** piety under Okawaru
 10301 | Lair:1   | Noticed Thargor's ghost (journeyman FoFi)
 10404 | Lair:1   | 10404 ||| INVOKING Heroism.
 10439 | Lair:1   | 10439 ||| INVOKING Heroism.
 10447 | Lair:1   | Killed Thargor's ghost
 10447 | Lair:1   | Received a gift from Okawaru
 10688 | Lair:1   | 10688 ||| EATING 8 rations.
 10999 | Lair:1   | 10999 ||| INVOKING Heroism.
 11058 | Lair:1   | 11058 ||| INVOKING Heroism.
 11315 | Lair:1   | 11315 ||| UPGRADING to glowing chain mail {god gift}.
 11325 | Lair:1   | 11325 ||| READING scroll labeled VAERICEPSO.
 11463 | Lair:2   | 11463 ||| STAIRDANCE
 11576 | Lair:2   | 11576 ||| SWAPPING to glowing broad axe.
 11577 | Lair:2   | 11577 ||| SWAPPING to +1 battleaxe.
 11578 | Lair:2   | 11578 ||| DROPPING +1 war axe of electrocution.
 11579 | Lair:2   | 11579 ||| DROPPING +2 war axe of chopping.
 11698 | Lair:2   | 11698 ||| EATING 8 rations.
 11706 | Lair:2   | 11706 ||| INVOKING Heroism.
 11744 | Lair:2   | Found a staircase to the Snake Pit.
 11790 | Lair:2   | Reached skill level 9 in Invocations
 11854 | Lair:2   | 11854 ||| INVOKING Heroism.
 12575 | Lair:3   | 12575 ||| INVOKING Heroism.
 12587 | Lair:3   | Reached XP level 12. HP: 75/76 MP: 17/19
 12672 | Lair:3   | 12672 ||| INVOKING Heroism.
 13011 | Lair:3   | Reached skill level 12 in Axes
 13025 | Lair:3   | 13025 ||| EATING 8 rations.
 13092 | Lair:3   | 13092 ||| INVOKING Heroism.
 13324 | Lair:3   | Found a staircase to the Shoals.
 13441 | Lair:3   | 13441 ||| INVOKING Heroism.
 14163 | Lair:3   | 14163 ||| UPGRADING to shiny copper ring.
 14165 | Lair:3   | 14165 ||| REMOVING ring of poison resistance.
 14166 | Lair:3   | 14166 ||| DROPPING ring of poison resistance.
 14167 | Lair:3   | 14167 ||| UPGRADING to ring of positive energy.
 14168 | Lair:3   | 14168 ||| DRINKING 2 purple potions.
 14169 | Lair:3   | 14169 ||| READING 2 scrolls of identify.
 14169 | Lair:3   | 14169 ||| IDENTIFYING bubbling inky potion
 14170 | Lair:3   | 14170 ||| DROPPING potion of magic.
 14191 | Lair:4   | Noticed a six-headed hydra
 14192 | Lair:4   | 14192 ||| INVOKING Heroism.
 14193 | Lair:4   | 14193 ||| SWAPPING to +0 morningstar.
 14197 | Lair:4   | Killed a six-headed hydra
 14198 | Lair:4   | 14198 ||| SWAPPING to +1 battleaxe.
 14436 | Lair:4   | 14436 ||| EATING 11 rations.
 14487 | Lair:4   | Noticed a six-headed hydra
 14488 | Lair:4   | 14488 ||| INVOKING Heroism.
 14489 | Lair:4   | 14489 ||| INVOKING Finesse.
 14491 | Lair:4   | 14491 ||| SWAPPING to +0 morningstar.
 14499 | Lair:4   | Killed a six-headed hydra
 14500 | Lair:4   | 14500 ||| SWAPPING to +1 battleaxe.
 14634 | Lair:4   | 14634 ||| INVOKING Heroism.
 14846 | Lair:4   | 14846 ||| INVOKING Heroism.
 15223 | Lair:4   | 15223 ||| INVOKING Heroism.
 15650 | Lair:4   | 15650 ||| STAIRDANCE
 15690 | Lair:3   | 15690 ||| UPGRADING to runed scarf.
 15695 | Lair:3   | 15695 ||| UPGRADING to +0 plate armour.
 15752 | Lair:4   | 15752 ||| INVOKING Heroism.
 15753 | Lair:4   | 15753 ||| INVOKING Finesse.
 15764 | Lair:4   | HP: 13/77 [acid (8)]
 15764 | Lair:4   | Splashed by an oklob plant's acid

Vault maps used:
D:1:      saegor_arrival_fortress
D:2:      zin_angel, first_ration, minmay_hexomino_f4
D:3:      grunt_dithmenos_smoke, nicolae_gozag_cash_rules_everything_around_me,
          old_standard_altar, minmay_item_behind_shaft
D:4:      vehumet_statue, lemuel_crystal_altar, nicolae_tso_swordbearing_angel,
          temple_pool_b
D:5:      cheibrodos_two_vegetables, lemuel_doored_altar, kennysheep_mini,
          evilmike_ruin_ashenzari
D:6:      enter_ossuary_1
D:7:      lemuel_round_altar, kennysheep_mini_moat
D:8:      yredelemnul_forgotten_temple_becter, grunt_lair_entry_orc_guard_hut
D:9:      fedhas_bush_and_centaur_altar, erik_orc_3
D:10:     st_stairs_8
D:11:     hangedman_little_slice_of_home, st_stairs_11, lightli_elemental_guards
Temple:   dpeg_three_leaves_temple
Lair:2:   minmay_snake_entry_guardpost_small, grunt_megastairs_5
Lair:3:   minmay_shoals_entry_lonely_mermaid, grunt_forest_small_clearings,
          grunt_megastairs_2, lemuel_fruit_fields
Lair:4:   minmay_lair_oklob_chamber
Ossuary:  ossuary_zaba_flooded

Skill      XL: |  1  2  3  4  5  6  7  8  9 10 11 12 |
---------------+-------------------------------------+-----
Axes           | 2 3 4 5 7 8 10 11 12 | 12.8
Fighting       | 5 6 7 9 10 | 10.2
Dodging        | 1 2 |  2.1
Invocations    | 4 6 9 10 | 10.0
Armour         | 4 5 7 8 |  8.7
Shields        | |  3.2

Action                   |  1- 3 |  4- 6 |  7- 9 | 10-12 || total
-------------------------+-------+-------+-------+-------++-------
Melee: War axe           |   187 |   273 |   420 |   180 ||  1060
       Battleaxe         |       |       |       |   426 ||   426
       Morningstar       |       |       |       |    10 ||    10
Throw: Tomahawk          |       |    16 |    43 |    51 ||   110
Invok: Heroism           |       |       |    10 |    25 ||    35
       Finesse           |       |       |       |     2 ||     2
  Use: Scroll            |     1 |     9 |     8 |    10 ||    28
       Potion            |       |     1 |     5 |     2 ||     8
  Eat: Chunk             |     3 |     4 |     5 |    12 ||    24
       Ration            |       |     1 |     3 |     4 ||     8
Armor: Scale mail        |   103 |   175 |       |       ||   278
       Chain mail        |       |     5 |   192 |   208 ||   405
       Plate armour      |       |       |       |   106 ||   106
Dodge: Dodged            |    70 |    59 |    63 |   179 ||   371
Block: Shield            |   108 |   103 |   167 |    91 ||   469
       Reflection        |       |       |     1 |     8 ||     9
       Other             |       |       |       |    62 ||    62

Table legend:
 A = Spawn XP
 B = Non-spawn XP
 C = Spawn XP percentage of total XP
 D = Spawn monster count
 E = Non-spawn monster count
 F = Spawn count percentage of total count
 G = Total turns spent on level
                    A         B        C        D         E        F      G
               +---------+---------+-------+---------+---------+-------+---------
         Total |       0 |   27288 |   0.0 |       0 |     309 |   0.0 | 15764
               +---------+---------+-------+---------+---------+-------+---------
           D:1 |       0 |      42 |   0.0 |       0 |      23 |   0.0 |   997
           D:2 |       0 |      41 |   0.0 |       0 |      14 |   0.0 |   869
           D:3 |       0 |     199 |   0.0 |       0 |      26 |   0.0 |  1010
           D:4 |       0 |     550 |   0.0 |       0 |      16 |   0.0 |   955
           D:5 |       0 |    1101 |   0.0 |       0 |      28 |   0.0 |  2117
           D:6 |       0 |     989 |   0.0 |       0 |      19 |   0.0 |   987
           D:7 |       0 |    1670 |   0.0 |       0 |      32 |   0.0 |   901
           D:8 |       0 |     847 |   0.0 |       0 |      14 |   0.0 |   607
           D:9 |       0 |     122 |   0.0 |       0 |       3 |   0.0 |    41
          D:10 |       0 |    1470 |   0.0 |       0 |      25 |   0.0 |   550
          D:11 |       0 |    1300 |   0.0 |       0 |       4 |   0.0 |   108
        Lair:1 |       0 |    5196 |   0.0 |       0 |      19 |   0.0 |  1455
        Lair:2 |       0 |    3684 |   0.0 |       0 |      19 |   0.0 |  1118
        Lair:3 |       0 |    4180 |   0.0 |       0 |      16 |   0.0 |  1709
        Lair:4 |       0 |    5175 |   0.0 |       0 |      19 |   0.0 |  1525
       Ossuary |       0 |     722 |   0.0 |       0 |      32 |   0.0 |   709
               +---------+---------+-------+---------+---------+-------+---------
